 Dungeon Crawl Stone Soup version 0.23-a0-407-g92528d7 (webtiles) character file.

1145 JeffiDaFish the Skirmisher (level 8, -1/64 HPs)
             Began as a Demonspawn Fighter on Nov 8, 2018.
             Was a Believer of Okawaru.
             Slain by an orc warrior
             ... wielding a +0 halberd
              (6 damage)
             ... on level 6 of the Dungeon.
             The game lasted 00:10:10 (5916 turns).

JeffiDaFish the Skirmisher (Demonspawn Fighter)     Turns: 5916, Time: 00:10:11

Health: -1/64      AC: 14    Str: 20    XL:     8   Next: 15%
Magic:  8/8        EV:  5    Int:  9    God:    Okawaru [**....]
Gold:   145        SH: 10    Dex: 12    Spells: 7/7 levels left

rFire    . . .     SeeInvis .   m - +2 falchion (freeze)
rCold    + . .     Gourm    .   c - +0 shield
rNeg     . . .     Faith    .   l - +0 chain mail
rPois    +         Spirit   .   (no helmet)
rElec    .         Reflect  .   (no cloak)
rCorr    .         Harm     .   h - +1 pair of gloves
MR       .....                  (no boots)
Stlth    ..........             n - amulet of regeneration
HPRegen  0.60/turn              j - ring of poison resistance
MPRegen  0.11/turn              (no ring)

@: no status effects
A: hooves 1, yellow scales 1, cold resistance 1, freezing cloud immunity
a: Heroism, Renounce Religion


You were on level 6 of the Dungeon.
You worshipped Okawaru.
Okawaru was pleased with you.
You were hungry.

You visited 2 branches of the dungeon, and saw 7 of its levels.

You collected 307 gold pieces.
You spent 162 gold pieces at shops.

Inventory:

Hand Weapons
 g - the +3 trident of the Beginning {freeze, MR+ Int+3, unknown}
   (You found it on level 5 of the Dungeon)

   It has been specially enchanted to freeze those struck by it, causing extra
   injury to most foes and up to half again as much damage against particularly
   susceptible opponents.
   It can also slow down cold-blooded creatures.
   It affects your intelligence (+3).
   It affects your resistance to hostile enchantments.
 m - a +2 falchion of freezing (weapon)
 p - a +0 hand axe
Armour
 c - a +0 shield (worn)
 h - a +1 pair of gloves (worn)
 l - a +0 chain mail (worn)
Jewellery
 e - an uncursed ring of magical power
 j - a ring of poison resistance (left hand)
 n - an amulet of regeneration (around neck)
 o - an uncursed amulet of guardian spirit {unknown}
 r - an uncursed amulet of magic regeneration {unknown}
Wands
 i - a wand of iceblast (11)
Scrolls
 b - 5 scrolls of teleportation
 k - a scroll of fog
 q - a scroll of remove curse
 s - a scroll of fear
 t - a scroll of magic mapping
Potions
 a - a potion of heal wounds
 d - a potion of might
Comestibles
 f - 11 rations


   Skills:
 + Level 5.6 Fighting
 + Level 4.6 Long Blades
 + Level 5.1 Armour
 + Level 5.1 Shields


You had 7 spell levels left.
You didn't know any spells.
Your spell library contained the following spells:

 Spells                   Type           Power        Failure   Level  Hunger
 Animate Skeleton         Necr           N/A          100%        1    ##.....
 Apportation              Tloc           #.....       100%        1    ##.....
 Confusing Touch          Hex            #.....       100%        1    ##.....
 Summon Small Mammal      Summ           #...         100%        1    ##.....


Dungeon Overview and Level Annotations

Branches:
Dungeon (6/15)             Temple (1/1) D:4

Altars:
Ashenzari
Cheibriados
Dithmenos
Fedhas
Gozag
Nemelex Xobeh
Okawaru
Qazlal
Ru
Trog
Uskayaw
Vehumet
Yredelemnul
Zin
The Shining One

Shops:
D:4 !?:(


Innate Abilities, Weirdness & Mutations

You have large cloven feet.
You are partially covered in yellow scales. (AC +2)
Your flesh is cold resistant. (rC+)
You are immune to freezing clouds.


Message History

You closely miss the ogre.
The ogre is severely wounded.
The ogre hits you with a +0 giant club!
The orc warrior hits you from afar with a +0 halberd!
* * * LOW HITPOINT WARNING * * *
You hit the ogre but do no damage. Your kick misses the ogre.
The ogre is severely wounded.
The ogre hits you but does no damage. You block the orc warrior's attack.
Your shield and chain mail prevent you from hitting the ogre.
Your kick misses the ogre.
The ogre is heavily wounded.
You block the ogre's attack.
The orc warrior hits you from afar with a +0 halberd.
* * * LOW HITPOINT WARNING * * *
You hit the ogre. You freeze the ogre.
The ogre is severely wounded.
The ogre hits you with a +0 giant club!
* * * LOW HITPOINT WARNING * * *
The orc warrior hits you from afar with a +0 halberd.
You die...

**,,,,,,,,,,,,,,,,.....#.##..
*,,**,,**********######.##..
**********,** #....#
,*_,_,_***<* ##..##
*,,,,,,,,*,* ##....#
,,,,⌠,,,*,,* ##..##.#
**,,,,,*,,** #..#....
***,****** ###########.#..#.#
*,**,* *****#@Ooo.............
*,**,**#......##o..#########.#
***,,,,*...#######.### #.#
*,,,,,,,,*** #.o# #.#
*,,,,,,,** ###.## #########..
*,,,,,,,* ##...# #......[)..
********* ###o.### #.##.######
####...## ###....# #
###..oo### #....### #


You could see an orc warrior, an ogre and 2 orcs.

Vanquished Creatures
  Sigmund (D:2)
  A sky beast (D:6)
  An ogre (D:5)
  A phantom (D:6)
  A bullfrog (D:6)
  A scorpion (D:4)
  2 wights (D:6)
  2 orc priests
  A centaur skeleton (D:6)
  2 orc wizards
  A bullfrog skeleton (D:6)
  5 worker ants
  A hound skeleton (D:4)
  A worker ant zombie (D:6)
  7 adders
  A shadow imp (D:6)
  7 worms
  5 dart slugs
  5 leopard geckos
  9 orcs
  2 ball pythons
  8 bats
  A giant cockroach (D:1)
  7 goblins
  7 hobgoblins
  17 jackals
  5 kobolds
  A quokka (D:4)
  4 frilled lizards
  A quokka skeleton (D:4)
  A quokka zombie (D:5)
  9 rats
118 creatures vanquished.

Notes
Turn   | Place    | Note
-------+----------+-------------------------------------------
     0 | D:1      | JeffiDaFish the Demonspawn Fighter began the quest for the
                  | Orb.
     0 | D:1      | Reached XP level 1. HP: 18/18 MP: 1/1
   333 | D:1      | Gained mutation: Your flesh is cold resistant. (rC+)
                  | [demonic ancestry]
   333 | D:1      | Reached XP level 2. HP: 24/24 MP: 2/2
   530 | D:1      | Reached XP level 3. HP: 18/29 MP: 3/3
  1410 | D:2      | Reached XP level 4. HP: 22/36 MP: 4/4
  1551 | D:2      | Noticed Sigmund
  1563 | D:2      | Killed Sigmund
  1563 | D:2      | Gained mutation: You are immune to freezing clouds.
                  | [demonic ancestry]
  1563 | D:2      | Reached XP level 5. HP: 7/42 MP: 5/5
  2264 | D:3      | Reached XP level 6. HP: 48/48 MP: 6/6
  2922 | D:4      | Found Bedan's Book Shop.
  2923 | D:4      | Found a staircase to the Ecumenical Temple.
  3223 | Temple   | Entered the Ecumenical Temple
  3296 | Temple   | Became a worshipper of Warmaster Okawaru
  3343 | D:4      | Found an iron altar of Okawaru.
  3368 | D:4      | Found Uxulauss's Magic Scroll Emporium.
  3513 | D:4      | Found Qumait's Antique Weapon Boutique.
  3522 | D:4      | Bought a glowing falchion for 162 gold pieces
  3918 | D:4      | Found Coba's Distillery.
  4506 | D:5      | Entered Level 5 of the Dungeon
  4556 | D:5      | Gained mutation: You have large cloven feet. [demonic
                  | ancestry]
  4556 | D:5      | Reached XP level 7. HP: 46/55 MP: 7/7
  4716 | D:5      | Reached * piety under Okawaru
  5047 | D:5      | Got a scorched trident
  5063 | D:5      | Reached skill level 5 in Fighting
  5571 | D:6      | Reached ** piety under Okawaru
  5571 | D:6      | Reached skill level 5 in Armour
  5571 | D:6      | Reached skill level 5 in Shields
  5571 | D:6      | Gained mutation: You are partially covered in yellow
                  | scales. (AC +2) [demonic ancestry]
  5571 | D:6      | Reached XP level 8. HP: 20/63 MP: 8/8
  5916 | D:6      | Slain by an orc warrior

Vault maps used:
D:1:      shiori_angband_town
D:2:      uniq_sigmund
D:4:      minmay_temple_entry_junction_2, serial_shops, shop,
          kennysheep_little_box, shop, shop, okawaru_ov_weapons_minmay
D:5:      first_ration
D:6:      gammafunk_temple_overflow_forgotten
Temple:   nicolae_temple_elliptical

Skill      XL: |  1  2  3  4  5  6  7 |
---------------+----------------------+-----
Long Blades    | 2 3 4 |  4.6
Armour         | 3 4 5 |  5.1
Shields        | 3 4 5 |  5.1
Fighting       | 4 5 |  5.6

Action                   |  1- 3 |  4- 6 |  7- 9 || total
-------------------------+-------+-------+-------++-------
Melee: Long sword        |   130 |   135 |       ||   265
       Falchion          |       |    67 |   160 ||   227
       Kick              |       |       |    59 ||    59
  Use: Scroll            |     2 |     7 |     3 ||    12
       Potion            |     3 |     3 |     1 ||     7
  Eat: Chunk             |     2 |    10 |     4 ||    16
Armor: Scale mail        |    93 |    61 |       ||   154
       Chain mail        |       |    24 |    75 ||    99
Dodge: Dodged            |    43 |    65 |    28 ||   136
Block: Shield            |    96 |    91 |    62 ||   249
       Rpst.: Long sword |    16 |    12 |       ||    28
       Falchion          |       |     3 |     9 ||    12

Table legend:
 A = Non-vault XP
 B = Vault XP
 C = Vault XP percentage of total XP
 D = Non-vault monster count
 E = Vault monster count
 F = Vault count percentage of total count
                 A         B        C        D         E       F
            +---------+---------+-------+---------+---------+-------
      Total |    1399 |     238 |  14.5 |     117 |       1 |   0.8
            +---------+---------+-------+---------+---------+-------
        D:1 |      71 |       0 |   0.0 |      37 |       0 |   0.0
        D:2 |      56 |     238 |  81.0 |      14 |       1 |   6.7
        D:3 |      66 |       0 |   0.0 |      20 |       0 |   0.0
        D:4 |     278 |       0 |   0.0 |      18 |       0 |   0.0
        D:5 |     243 |       0 |   0.0 |      13 |       0 |   0.0
        D:6 |     685 |       0 |   0.0 |      15 |       0 |   0.0
            +---------+---------+-------+---------+---------+-------
